 Dungeon Crawl Stone Soup version 0.18-a0-1044-g2bb894f (webtiles) character file.

11652 Reinor the Covert (level 11, -11/96 HPs)
             Began as a Vampire Enchanter on Jan 11, 2016.
             Was a High Priest of Okawaru.
             Mangled by an anaconda simulacrum (31 damage)
             ... on level 3 of the Abyss.
             The game lasted 01:20:39 (11151 turns).

Reinor the Covert (Vampire Enchanter)              Turns: 11151, Time: 01:20:39

Health: -11/96     AC:  5    Str:  8    XL:     11   Next: 52%
Magic:  14/14      EV: 18    Int: 22    God:    Okawaru [*****.]
Gold:   1179       SH:  6    Dex: 16    Spells: 4 memorised, 5 levels left

rFire  . . .     SeeInvis +     G - +2 rapier (venom)
rCold  . . .     Gourm    .     I - +0 troll leather armour
rNeg   + . .     Faith    .     m - +1 buckler
rPois  .         Spirit   .     (no helmet)
rElec  .         Dismiss  .     x - +0 cloak
rCorr  .         Reflect  .     (no gloves)
SustAt .         Harm     .     (no boots)
MR     +....                    A - amulet of Vitality {Regen+ HP+15}
Stlth  ++++++....               (no ring)
                                a - +3 ring of intelligence

@: somewhat resistant to hostile enchantments, very stealthy
A: fangs 3, see invisible, unbreathing
a: Bat Form, Heroism, Finesse, Renounce Religion


You were on level 3 of the Abyss.
You worshipped Okawaru.
Okawaru was extremely pleased with you.
You were not thirsty.

You visited 3 branches of the dungeon, and saw 13 of its levels.
You visited the Abyss 1 time.
You also visited: Ice Cave.

You collected 1179 gold pieces.

Inventory:

Hand Weapons
 g - a +3 dagger of protection
 y - a +2 short sword of freezing
 G - a +2 rapier of venom (weapon)
 H - a +3 dagger
Missiles
 e - 8 exploding tomahawks (quivered)
Armour
 b - a +1 robe
 m - a +1 buckler (worn)
 x - a +0 cloak (worn)
 I - a +0 troll leather armour (worn)
Jewellery
 a - a +3 ring of intelligence (left hand)
 A - the amulet of Vitality (around neck) {Regen+ HP+15}
   (You found it on level 7 of the Dungeon)

   [amulet of regeneration]

   It affects your health (+15).
   It increases your rate of regeneration.
Wands
 l - a wand of fire (11/15)
 C - a wand of disintegration (0/24)
 F - a wand of lightning (2/15)
Scrolls
 f - 2 scrolls of fog
 n - 5 scrolls of teleportation
 o - 4 scrolls of magic mapping
 p - a scroll of recharging
 q - a scroll of enchant weapon
 r - 4 scrolls of remove curse
Potions
 d - 44 potions of blood
 h - 2 potions of curing
 i - a potion of cure mutation
 j - 2 potions of magic
 k - 2 potions of resistance
 u - a potion of might {unknown}
 v - 2 potions of flight
 w - 2 potions of agility
 z - a potion of degeneration {unknown}
 B - a potion of brilliance {unknown}
 D - a potion of heal wounds {unknown}
Books
 c - a book of Maledictions

   Spells                             Type                      Level
   a - Corona                         Hexes                        1
   b - Ensorcelled Hibernation        Hexes/Ice                    2
   c - Confuse                        Hexes                        3
   d - Tukima's Dance                 Hexes                        3
   e - Dazzling Spray                 Conjuration/Hexes            3


   Skills:
 - Level 6.2 Fighting
 - Level 11.0 Short Blades
 + Level 10.2 Dodging
 - Level 12.1 Stealth
 - Level 4.6 Shields
 - Level 2.0 Spellcasting
 - Level 8.3 Hexes
 - Level 1.1 Ice Magic


You had 5 spell levels left.
You knew the following spells:

 Your Spells              Type           Power        Failure   Level  Hunger
a - Corona                Hex            #####..      1%          1    #......
b - Ensorcelled Hibernat  Hex/Ice        ###...       6%          2    ##.....
c - Tukima's Dance        Hex            #####...     1%          3    ###....
d - Dazzling Spray        Conj/Hex       ###.....     12%         3    ###....


Dungeon Overview and Level Annotations

Branches:
Dungeon (10/15)            Temple (1/1) D:4            Lair (0/8) D:8
    Orc (2/2) D:10
    Elf: Orc:2

Altars:
Ashenzari
Cheibriados
Dithmenos
Elyvilon
Fedhas
Gozag
Kikubaaqudgha
Makhleb
Nemelex Xobeh
Okawaru
Pakellas
Qazlal
Ru
Sif Muna
Trog
Vehumet
Xom
Yredelemnul
Zin
The Shining One

Shops:
D:5 *   D:10 %   Orc:2 }


Innate Abilities, Weirdness & Mutations

You have razor-sharp teeth.
You have supernaturally acute eyesight.
You can survive without breathing.


Message History

An anaconda simulacrum comes into view.
The unseen horror misses you. The unseen horror hits you!
The thrashing horror tramples you!
You hold your ground!
The thrashing horror completely misses you.
The unseen horror misses you.
You block the thrashing horror's attack. x2
Two of your 46 potions of blood rot away.
You feel like a meek peon again.
The unseen horror hits you but does no damage.
The thrashing horror completely misses you.
The thrashing horror barely misses you.
The anaconda simulacrum closely misses you.
The anaconda simulacrum barely misses you.
The anaconda simulacrum constricts you. The anaconda simulacrum freezes you!!
* * * LOW HITPOINT WARNING * * *
The anaconda simulacrum bites you.
* * * LOW HITPOINT WARNING * * *
The anaconda simulacrum freezes you!!
You die...

...# ###..## .#.
...##
##....###... .
..#.#.....#...v.
#.....#...)#X....
#.##.....##.#..##
#.....##...#....#
#. .#.##..xX#..#
... ###...#...##
##.###.##.@X.# ..
## ####Z#....#
### ##...#.#
..#.## # ...##.
##### #. .. #.


You could see a spatial vortex (wandering), a thrashing horror, a large
abomination, an unseen horror shaped shifter (invisible) and an anaconda
simulacrum.

Vanquished Creatures
  A hill giant (D:9)
  An orc knight (Orc:2)
  Maurice (Orc:1)
  2 centaur skeletons (D:10)
  A smoke demon (Abyss:3)
  2 two-headed ogres (D:8)
  5 trolls (Orc:1)
  A queen bee (D:8)
  7 yaks
  A large abomination (Abyss:3)
  A hippogriff (D:8)
  A small abomination (Abyss:3)
  A hungry ghost (D:10)
  3 wargs
  A chaos spawn (Abyss:3)
  Menkaure (D:4)
  Edmund (D:4)
  Duvessa (D:7)
  3 orc warriors
  2 sky beasts
  3 ice beasts
  7 ogres
  3 centaurs
  5 giant frogs
  Dowan (D:7)
  4 scorpions
  14 killer bees (D:8)
  A giant frog zombie (D:6)
  3 crimson imps
  6 hounds
  A giant frog skeleton (D:9)
  6 orc priests
  Crazy Yiuf (D:2)
  An iguana (D:8)
  5 orc wizards
  Jessica (D:2)
  8 worker ants
  A hound zombie (D:9)
  A hound skeleton (D:6)
  A worker ant zombie (D:10)
  13 adders
  3 gnolls (D:3)
  2 shadow imps
  2 adder zombies
  3 worms
  4 giant geckos
  39 orcs
  2 ball pythons (D:2)
  3 giant cockroaches
  6 goblins
  6 hobgoblins
  23 jackals
  7 kobolds
  5 quokkas
  5 bats
  A giant gecko skeleton (D:4)
  4 giant newts
  7 rats
245 creatures vanquished.

Vanquished Creatures (collateral kills)
  2 hill giants
  A troll (Orc:1)
  2 two-headed ogres
  7 orc warriors
  8 ogres
  5 wights (D:6)
  4 orc priests
  3 orc wizards
  A gnoll (D:3)
  20 orcs
  A kobold (D:3)
54 creatures vanquished.

Vanquished Creatures (others)
  A plant (D:2)
1 creature vanquished.

Grand Total: 300 creatures vanquished

Notes
Turn   | Place    | Note
--------------------------------------------------------------
     0 | D:1      | Reinor the Vampire Enchanter began the quest for the Orb.
     0 | D:1      | Reached XP level 1. HP: 13/13 MP: 3/3
   292 | D:1      | Reached XP level 2. HP: 10/19 MP: 5/5
  1262 | D:2      | Learned a level 2 spell: Ensorcelled Hibernation
  1269 | D:2      | Reached XP level 3. HP: 24/24 MP: 6/6
  1497 | D:2      | Noticed Jessica
  1502 | D:2      | Found a snail-covered altar of Cheibriados.
  1506 | D:2      | Killed Jessica
  1506 | D:2      | Reached skill level 1 in Ice Magic
  1506 | D:2      | Reached XP level 4. HP: 30/30 MP: 4/7
  1634 | D:2      | Noticed Crazy Yiuf
  1642 | D:2      | Killed Crazy Yiuf
  1642 | D:2      | Reached skill level 5 in Short Blades
  1750 | D:2      | Found a sparkling altar of Nemelex Xobeh.
  1750 | D:2      | Found a shattered altar of Ashenzari.
  2087 | D:3      | Learned a level 3 spell: Tukima's Dance
  2171 | D:3      | Reached XP level 5. HP: 35/35 MP: 8/8
  2237 | D:3      | Reached skill level 5 in Stealth
  2570 | D:3      | Noticed an ice beast
  2592 | D:3      | Killed an ice beast
  2592 | D:3      | Reached skill level 7 in Stealth
  2592 | D:3      | Reached XP level 6. HP: 16/41 MP: 6/9
  2921 | D:3      | Reached skill level 8 in Stealth
  3116 | D:3      | Reached skill level 1 in Shields
  3265 | D:4      | Found a staircase to the Ecumenical Temple.
  3297 | Temple   | Entered the Ecumenical Temple
  3329 | Temple   | Became a worshipper of Warmaster Okawaru
  3550 | D:4      | Noticed Menkaure
  3566 | D:4      | Killed Menkaure
  3566 | D:4      | Reached XP level 7. HP: 23/46 MP: 8/10
  3854 | D:4      | Noticed Edmund
  3860 | D:4      | Killed Edmund
  3860 | D:4      | Reached * piety under Okawaru
  4069 | D:5      | Entered Level 5 of the Dungeon
  4086 | D:5      | Reached skill level 5 in Hexes
  4310 | D:5      | Found Plog's Elemental Accessories.
  4312 | D:5      | Reached XP level 8. HP: 52/52 MP: 11/11
  5298 | D:6      | Reached ** piety under Okawaru
  5815 | D:7      | Noticed Duvessa
  5815 | D:7      | Noticed Dowan
  5817 | D:7      | Killed Duvessa
  5821 | D:7      | Killed Dowan
  5925 | D:7      | Found a burning altar of Makhleb.
  6285 | D:7      | Reached XP level 9. HP: 57/57 MP: 12/12
  6551 | D:8      | Reached skill level 5 in Dodging
  6602 | D:8      | Reached *** piety under Okawaru
  6670 | D:8      | Found a staircase to the Lair.
  6671 | D:8      | Noticed a komodo dragon
  6776 | D:8      | Noticed a queen bee
  6783 | D:8      | Killed a queen bee
  6802 | D:8      | HP: 3/72 [killer bee (5)]
  7071 | D:8      | Found an oddly glowing altar of Pakellas.
  7137 | D:8      | Reached skill level 9 in Dodging
  7246 | D:8      | Learned a level 3 spell: Dazzling Spray
  7322 | D:8      | Reached **** piety under Okawaru
  7345 | D:8      | Reached skill level 10 in Dodging
  7535 | D:9      | Reached XP level 10. HP: 63/63 MP: 7/13
  7604 | D:9      | Reached skill level 10 in Stealth
  7665 | D:9      | Identified a +0 rod of inaccuracy (9/9) (You found it on level 9 of the Dungeon)
  7699 | D:9      | Received a gift from Okawaru
  7722 | D:9      | Noticed a hill giant
  7731 | D:9      | Killed a hill giant
  7731 | D:9      | Reached skill level 11 in Stealth
  7773 | D:9      | Reached skill level 12 in Stealth
  7806 | D:9      | Reached skill level 1 in Fighting
  8005 | D:10     | Entered Level 10 of the Dungeon
  8032 | D:10     | Found Ecroissa's Food Shoppe.
  8277 | D:10     | Reached ***** piety under Okawaru
  8741 | D:10     | Reached skill level 5 in Fighting
  8935 | D:10     | Noticed a hill giant
  8985 | D:10     | Killed a hill giant
  9158 | D:10     | Found a staircase to the Orcish Mines.
  9202 | Orc:1    | Entered Level 1 of the Orcish Mines
  9226 | Orc:1    | Noticed Maurice
  9229 | Orc:1    | Found a frozen archway.
  9235 | Orc:1    | Killed Maurice
  9235 | Orc:1    | Received a gift from Okawaru
  9235 | Orc:1    | Reached XP level 11. HP: 81/81 MP: 9/14
  9262 | IceCv    | Entered an ice cave
  9262 | IceCv    | Noticed bullock's ghost (adept DEWz)
 10007 | Orc:2    | Entered Level 2 of the Orcish Mines
 10007 | Orc:2    | Noticed an orc knight
 10023 | Orc:2    | Killed an orc knight
 10089 | Orc:2    | Found Ceabure's Gadget Emporium.
 10241 | Orc:2    | Noticed a hill giant
 10248 | Orc:1    | Reached skill level 10 in Short Blades
 10380 | Orc:2    | Noticed an ogre mage
 10514 | Orc:2    | Noticed a hill giant
 10519 | Orc:1    | Killed a hill giant
 10534 | Orc:2    | Cast into level 3 of the Abyss (an ogre mage)
 10610 | Abyss:3  | Noticed a rakshasa
 10611 | Abyss:3  | Noticed an eidolon
 10766 | Abyss:3  | Noticed a tentacled starspawn
 11039 | Abyss:3  | Noticed a thrashing horror
 11044 | Abyss:3  | Noticed a sun demon
 11070 | Abyss:3  | Noticed a giant orange brain
 11094 | Abyss:3  | Reached ****** piety under Okawaru
 11141 | Abyss:3  | Noticed an unseen horror
 11141 | Abyss:3  | a guardian serpent changed into an unseen horror
 11145 | Abyss:3  | Noticed a thrashing horror
 11151 | Abyss:3  | Mangled by an anaconda simulacrum

Vault maps used:
D:1:      onia_arrival_mini_maze
D:2:      gammafunk_temple_overflow_wave, serial_forest,
          infiniplex_forest_clump_tiny, infiniplex_forest_end_2,
          infiniplex_forest_lined_2, infiniplex_forest_lined_room_3,
          infiniplex_forest_end_2, minmay_misc_feat_hallway,
          cheibriados_altar_1, uniq_crazy_yiuf_cottage, uniq_jessica
D:4:      minmay_temple_entry_large_hall, uniq_menkaure, uniq_edmund
D:5:      first_bread, nicolae_elemental_shop
D:7:      bloody_makhleb, uniq_duvessa
D:8:      david_lair_shrubbed, david_nohive_1, serial_park_tiny_1,
          grunt_pakellas_basics
D:10:     hiddenorc1_lemuel, serial_shops, shop
Temple:   grunt_circular_temple_18
Orc:1:    portal_ice_cave_entry_pillars_01, nicolae_orc_pool_cavern,
          uniq_maurice
Orc:2:    st_orc_open, uniq_snorg
IceCv:    ice_cave_small_demon

Action                   |  1- 3 |  4- 6 |  7- 9 | 10-12 || total
-------------------------+-------+-------+-------+-------++-------
Melee: Dagger            |    70 |   165 |   290 |   533 ||  1058
       Short sword       |       |       |    33 |    18 ||    51
       Rapier            |       |       |       |    56 ||    56
 Cast: Ensorcelled Hiber |     5 |    12 |    55 |    23 ||    95
       Corona            |       |     4 |     3 |    11 ||    18
       Tukima's Dance    |       |     3 |     8 |    34 ||    45
       Dazzling Spray    |       |       |       |     8 ||     8
Invok: Heroism           |       |       |     2 |     4 ||     6
 Abil: End Transformatio |       |       |     2 |     5 ||     7
       Bat Form          |       |       |     2 |     5 ||     7
Evoke: Wand              |       |       |       |     4 ||     4
  Use: Potion            |       |     3 |    11 |    14 ||    28
       Scroll            |       |    11 |    14 |     5 ||    30
 Stab: Sleeping          |    17 |    21 |    52 |    23 ||   113
       Distracted        |       |       |     2 |     7 ||     9
       Invisible         |       |       |       |     3 ||     3
